[Event "Early-Titled-Tuesday-Blitz-February-20-2024"]
[Site "Chess.com"]
[Date "2024.02.20"]
[Round "7"]
[White "jaskol95"]
[Black "N_Mullodzhanov"]
[Result "1-0"]
[WhiteElo "2586"]
[BlackElo "2476"]
[TimeControl "180+1"]
[EndTime "9:19:38 PST"]
[Termination "jaskol95 won by checkmate"]

1. e4 c6 2. d4 d5 3. e5 Bf5 4. Nd2 e6 5. Nb3 a6 6. Nf3 c5 7. dxc5 Bxc5 8. Nxc5 Qa5+ 9. c3 Qxc5 10. Be3 Qc7 11. Be2 Ne7 12. Bf4 Nd7 13. Bg3 Nc6 14.
Nh4 Be4 15. f3 Bg6 16. Nxg6 hxg6 17. f4 O-O-O 18. O-O Ne7 19. Bf2 Nf5 20. c4 dxc4 21.
Rc1 Nxe5 22. Qa4 Nc6 23. Rxc4 Kb8 24. Bf3 Nfe7 25. Rcc1 g5 26. b4 Qxf4 27. Bg3 Rd4 28. Bxf4+ gxf4 29. Bxc6 Nxc6 30. Rxc6 bxc6 31. Qxc6 Rd5 32.
Qb6+ Ka8 33. Qxa6+ Kb8 34. Qb6+ Ka8 35. Rf3 Rd1+ 36.
Kf2 Rd2+ 37. Ke1 Rxa2 38. Rd3 Rc8 39. Rd8 Ra1+ 40. Kf2 Ra2+ 41. Kf3 Rxd8 42. Qxd8+ Kb7 43. Qd7+ Kb6 44. Qxf7 Ra3+ 45. Kxf4 Ra4 46. Qxe6+ Kb5 47. Qd7+ Kxb4 48. Qxa4+ Kxa4 49. Kg5 Kb5 50. Kg6 Kc5 51.
Kxg7 Kd5 52. h4 Ke5 53. h5 Kf5 54. h6 Kg4 55. h7 Kg3 56. h8=Q Kxg2 57. Qh4 Kf3 58. Kf6 Kg2 59. Qf4 Kg1 60. Qd2 Kf1 61. Kf5 Kg1 62. Kf4 Kf1 63. Kg3 Kg1 64. Qg2# 1-0

[Event "Early-Titled-Tuesday-Blitz-February-20-2024"]
[Site "Chess.com"]
[Date "2024.02.20"]
[Round "7"]
[White "Abund"]
[Black "Salem-AR"]
[Result "1-0"]
[WhiteElo "2796"]
[BlackElo "2977"]
[TimeControl "180+1"]
[EndTime "9:19:39 PST"]
[Termination "Abund won on time"]

1. e4 c5 2. Nf3 d6 3. Bb5+ Nd7 4. c3 Nf6 5. Qe2 a6 6. Ba4 b5 7. Bc2 Bb7 8. O-O Rc8 9. d4 cxd4 10. cxd4 Qc7 11. Bd3 e6 12. Bf4 Be7 13. Nbd2 O-O 14. h3 Rfe8 15. a4 bxa4 16. Rxa4 e5 17. dxe5 dxe5 18.
Bh2 Nc5 19. Bxe5 Qb6 20. Raa1 Nxd3 21. Qxd3 Rcd8 22. Qb1 Bb4 23. Bc3 Nxe4 24. Nc4 Qg6 25. Bxb4 Rd5 26. Re1 Rb5 27. Nd6 Rxb4 28. Nxe8 f6 29.
Nc7 Qf7 30. Qc2 Rc4 31. Qd3 Qxc7 32. Nd2 1-0

[Event "Early-Titled-Tuesday-Blitz-February-20-2024"]
[Site "Chess.com"]
[Date "2024.02.20"]
[Round "7"]
[White "alpope"]
[Black "Mikhail_Golubev"]
[Result "1-0"]
[WhiteElo "2518"]
[BlackElo "2634"]
[TimeControl "180+1"]
[EndTime "9:19:39 PST"]
[Termination "alpope won by checkmate"]

1. Nf3 d6 2. g3 g6 3. Bg2 Bg7 4. O-O e5 5. c4 Nc6 6. Nc3 f5 7.
Rb1 a5 8. a3 Nf6 9. b4 axb4 10.
axb4 e4 11. Ne1 O-O 12. d3 Be6 13. Nc2 exd3 14. exd3 d5 15. Re1 Bf7 16. b5 Na5 17. Ba3 dxc4 18. Bxf8 Qxf8 19. dxc4 Rd8 20. Nd5 Nxc4 21.
Nxf6+ Bxf6 22. Qc1 Qc5 23. Ne3 Bd4 24. Kh1 Bxe3 25.
fxe3 Bd5 26. e4 fxe4 27. Bxe4 Bxe4+ 28. Rxe4 Rd4 29. Re8+ Kf7 30. Qe1 Qd5+ 31. Kg1 Qd7 32. Re2 Nd2 33. Rf2+ Kg7 34. Rc1 Qd5 35. Rxc7+ Kh6 36.
Qe3+ g5 37. Rf6+ Kh5 38. Rxh7+ Kg4 39. h3# 1-0

[Event "Early-Titled-Tuesday-Blitz-February-20-2024"]
[Site "Chess.com"]
[Date "2024.02.20"]
[Round "7"]
[White "Schattman"]
[Black "Young_Catalan_Player09"]
[Result "0-1"]
[WhiteElo "2436"]
[BlackElo "2568"]
[TimeControl "180+1"]
[EndTime "9:19:39 PST"]
[Termination "Young_Catalan_Player09 won on time"]

1. f4 e5 2. fxe5 d6 3. exd6 Bxd6 4. Nf3 g5 5. g3 h5 6. d4 f6 7. Nc3 h4 8. gxh4 g4 9. Ng5 fxg5 10. Bxg5 Be7 11.
Qd2 Nc6 12. O-O-O Bxg5 13. hxg5 Rh5 14. g6 Qg5 15. e3 Bf5 16. Bg2 Nge7 17. d5 O-O-O 18.
Qf2 Ne5 19. Kb1 Qxg6 20. e4 Bd7 21. Qxa7 Qa6 22. Qd4 N7g6 23. Bf1 Qa5 24. b4 Qb6 25.
Qxb6 cxb6 26. Bb5 Rdh8 27. Rhf1 Rxh2 28. Bxd7+ Kxd7 29. Rf6 g3 30. Kc1 Rh1 31. Rxb6 g2 32. Ne2 Nf4 33. Ng1 Rxg1 34. Rxg1 Ne2+ 35. Kb2 Nxg1 36.
Rxb7+ Kc8 37. Rg7 Rh2 38. d6 Ngf3 39. d7+ Nxd7 40. e5 g1=Q 41. Rxg1 Nxg1 0-1

[Event "Early-Titled-Tuesday-Blitz-February-20-2024"]
[Site "Chess.com"]
[Date "2024.02.20"]
[Round "7"]
[White "WilsonPalencia21"]
[Black "inagreV"]
[Result "0-1"]
[WhiteElo "2526"]
[BlackElo "2392"]
[TimeControl "180+1"]
[EndTime "9:19:39 PST"]
[Termination "inagreV won by checkmate"]

1. d4 Nf6 2. c4 g6 3. Nf3 Bg7 4. Nc3 O-O 5. e4 d6 6. Be2 e5 7.
O-O Bg4 8. d5 a5 9. Ne1 Bd7 10.
Nd3 Na6 11. Be3 b6 12. a3 a4 13. Bg5 Nc5 14. Nxc5 bxc5 15. Bd3 h6 16. Bd2 Nh5 17. g3 Bh3 18. Re1 Qd7 19. Bc2 f5 20. Bxa4 Qf7 21.
Bc2 f4 22. Qe2 f3 23. Qd1 Bg2 24. Bd3 Qd7 25. Bf1 Qh3 26. Re3 Nf6 27. Rxf3 Ng4 28.
Bxg2 Qxh2+ 29. Kf1 Rxf3 30. Qxf3 h5 31. Be1 Rf8 32.
Qd3 h4 33. Bf3 hxg3 34. Bxg4 Rxf2+ 35. Bxf2 Qxf2# 0-1

[Event "Early-Titled-Tuesday-Blitz-February-20-2024"]
[Site "Chess.com"]
[Date "2024.02.20"]
[Round "7"]
[White "ploxoi"]
[Black "MAGMAchess02"]
[Result "1-0"]
[WhiteElo "2446"]
[BlackElo "2239"]
[TimeControl "180+1"]
[EndTime "9:19:39 PST"]
[Termination "ploxoi won by resignation"]

1. d4 d5 2. c4 e6 3. Nf3 c6 4. g3 dxc4 5. Bg2 b5 6. O-O Bb7 7. a4 a6 8. b3 cxb3 9. Qxb3 Nd7 10. Rd1 Ngf6 11. Nc3 Nb6 12. Ne5 Nfd5 13. axb5 cxb5 14. Ba3 Bxa3 15. Rxa3 O-O 16. Raa1 Rc8 17. Ne4 Nc4 18. Nc5 Nxe5 19. Nxb7 Qb6 20. Nc5 Nc4 21.
Rxa6 Qb8 22. Rda1 Rfd8 23. h4 h6 24. e3 Rd6 25. Rxd6 Nxd6 26. Bxd5 exd5 27. Qxd5 Qc7 28. h5 Nc4 29. Rb1 Nxe3 30. fxe3 Qxg3+ 31. Qg2 Qxe3+ 32. Kh1 Qxd4 33. Ne4 Re8 34. Re1 Re5 35. Qg4 b4 36. Nf6+ 1-0

[Event "Early-Titled-Tuesday-Blitz-February-20-2024"]
[Site "Chess.com"]
[Date "2024.02.20"]
[Round "7"]
[White "ChainedDowntohell"]
[Black "IndianSchoolOfSuffering"]
[Result "1/2-1/2"]
[WhiteElo "2557"]
[BlackElo "2437"]
[TimeControl "180+1"]
[EndTime "9:19:40 PST"]
[Termination "Game drawn - timeout vs insufficient material"]

1. d3 d5 2. e4 dxe4 3. dxe4 Qxd1+ 4. Kxd1 e5 5. Be3 Be6 6. Nd2 Nd7 7. Bc4 Bxc4 8. Nxc4 O-O-O 9. Kc1 f6 10. Ne2 Bc5 11. f3 Ne7 12. c3 Bxe3+ 13. Nxe3 Nc5 14. b4 Ne6 15. Kc2 Rd7 16. a4 Rhd8 17. Rhd1 c6 18. a5 Kc7 19. h4 Ng6 20. g3 Ne7 21. f4 Rxd1 22. Rxd1 Rxd1 23. Kxd1 b6 24. axb6+ axb6 25. fxe5 fxe5 26. Nc4 Ng6 27. h5 Ne7 28. Nxe5 Ng5 29. Kd2 Nxe4+ 30. Ke3 Nf6 31. g4 Ned5+ 32. Kd4 h6 33.
Ng3 Nf4 34. Nf5 Ne6+ 35. Kd3 Nf4+ 36. Ke3 Ne6 37. c4 Nd7 38. Nxd7 Kxd7 39. Ke4 b5 40. cxb5 cxb5 41. Kd5 Nf4+ 42. Kc5 Nd3+ 43. Kxb5 Ke6 44. Nxg7+ Kf6 45. Nf5 Kg5 46. Nxh6 Kxh6 1/2-1/2

[Event "Early-Titled-Tuesday-Blitz-February-20-2024"]
[Site "Chess.com"]
[Date "2024.02.20"]
[Round "7"]
[White "BozeKat"]
[Black "Preobrazhenska_D2011"]
[Result "0-1"]
[WhiteElo "2132"]
[BlackElo "2380"]
[TimeControl "180+1"]
[EndTime "9:19:40 PST"]
[Termination "Preobrazhenska_D2011 won by resignation"]

1. c4 e5 2. g3 Nf6 3. Bg2 d5 4.
cxd5 Nxd5 5. Nc3 Nb6 6. Nf3 Nc6 7. O-O Be7 8. d3 O-O 9. Nd2 Be6 10. b3 f5 11. Nc4 Bf6 12. Bb2 Qd7 13. a3 Rae8 14. Re1 Nd5 15. Nxd5 Bxd5 16. Bxd5+ Qxd5 17. Ne3 Qd7 18. Rc1 Nd4 19. Nc4 Kh8 20. b4 Qd8 21. Na5 Qc8 22. Bxd4 exd4 23. Qc2 Re7 24. Nb3 Rfe8 25. Kf1 b6 26. Qc4 Be5 27. Nxd4 f4 28. Nc6 Qh3+ 29. Kg1 fxg3 30. fxg3 Bxg3 31. hxg3 Qxg3+ 32. Kh1 Re6 0-1

[Event "Early-Titled-Tuesday-Blitz-February-20-2024"]
[Site "Chess.com"]
[Date "2024.02.20"]
[Round "7"]
[White "tarno17"]
[Black "Attacker_2006"]
[Result "0-1"]
[WhiteElo "2140"]
[BlackElo "2388"]
[TimeControl "180+1"]
[EndTime "9:19:41 PST"]
[Termination "Attacker_2006 won on time"]

1. e4 e5 2. Nf3 Nc6 3. Bb5 a6 4. Ba4 Nf6 5. O-O Nxe4 6. Re1 Nc5 7. Bxc6 dxc6 8. Nxe5 Be7 9. d4 Ne6 10. c3 O-O 11. Nd2 Bd6 12. Nf1 Qh4 13. Ng3 c5 14.
Re4 Qf6 15. Nh5 Qd8 16. d5 Ng5 17. Re1 g6 18. Ng3 f6 19. Nc4 h5 20. f4 Nf7 21. f5 Bxg3 22. hxg3 Bxf5 23. Ne3 Nd6 24. g4 hxg4 25. Nxf5 Nxf5 26. Qxg4 Kg7 27. Bf4 Qxd5 28. Rad1 Qc6 29. Re2 Rad8 30. Red2 Rxd2 31. Rxd2 Re8 32. Kh2 Rh8+ 33. Kg1 Rh4 0-1

[Event "Early-Titled-Tuesday-Blitz-February-20-2024"]
[Site "Chess.com"]
[Date "2024.02.20"]
[Round "7"]
[White "nj123456"]
[Black "Agentxya"]
[Result "1-0"]
[WhiteElo "2442"]
[BlackElo "2212"]
[TimeControl "180+1"]
[EndTime "9:19:42 PST"]
[Termination "nj123456 won by checkmate"]

1. e4 e5 2. Nf3 Nc6 3. Bb5 Nf6 4. O-O Nxe4 5. Re1 Nd6 6. Nxe5 Be7 7. Bf1 Nxe5 8.
Rxe5 O-O 9. d4 Bf6 10. Re1 Re8 11. c3 Rxe1 12. Qxe1 Ne8 13. d5 d6 14. Bd3 g6 15.
Nd2 Bg7 16. Ne4 Bf5 17. Bg5 Qd7 18. Qd2 Bxe4 19. Bxe4 Nf6 20. Bf3 Qf5 21. Re1 Qd7 22. Qf4 Re8 23. Rd1 Qf5 24. Qxf5 gxf5 25. Be3 Ng4 26. Bc1 Ne5 27. Be2 a6 28. Kf1 Kf8 29. f3 Ke7 30. Be3 Kd7 31. Bd4 f6 32. Re1 Bh6 33.
Bd1 c5 34. dxc6+ bxc6 35. Bc2 c5 36. Ba4+ Ke7 37. Bxe5 fxe5 38. Bxe8 Kxe8 39. c4 Kd7 40. Ke2 Kc6 41. Kd3 Bg5 42. g4 f4 43. Ke4 h6 44. Rd1 a5 45. Kf5 Bd8 46. Ke6 Bc7 47. h4 Bb8 48. g5 hxg5 49. hxg5 e4 50. fxe4 f3 51. g6 d5 52. cxd5+ Kb5 53. g7 f2 54. g8=Q Bf4 55. Qe8+ Kc4 56. Qa4# 1-0

[Event "Early-Titled-Tuesday-Blitz-February-20-2024"]
[Site "Chess.com"]
[Date "2024.02.20"]
[Round "7"]
[White "shailendrabajpai"]
[Black "janhelmer03"]
[Result "1-0"]
[WhiteElo "2415"]
[BlackElo "2196"]
[TimeControl "180+1"]
[EndTime "9:19:42 PST"]
[Termination "shailendrabajpai won by checkmate"]

1. e4 c5 2. Nc3 Nc6 3. g3 g6 4.
Bg2 Bg7 5. d3 e5 6. Be3 d6 7.
Nge2 Nge7 8. O-O O-O 9. f4 exf4 10. Nxf4 Ne5 11. Qd2 Ng4 12. Kh1 Nxe3 13. Qxe3 Be6 14. Nxe6 fxe6 15. Bh3 Qd7 16. Nd5 Rae8 17. Rxf8+ Rxf8 18. Nf4 Bh6 19. Rf1 Rf6 20. Kg2 Nc6 21. c3 Qf7 22.
Qe2 Bxf4 23. gxf4 Rxf4 24. Bxe6 Qxe6 25. Rxf4 Qxa2 26. Qg4 Qxb2+ 27. Rf2 Qb6 28. Qe6+ Kg7 29. Qf6+ Kh6 30. Qf8+ Kh5 31. Qg7 h6 32. Qf7 Ne5 33. Rf5+ Kg4 34. h3+ Kh4 35. Qf6+ g5 36. Qxh6# 1-0

[Event "Early-Titled-Tuesday-Blitz-February-20-2024"]
[Site "Chess.com"]
[Date "2024.02.20"]
[Round "7"]
[White "GOGIEFF"]
[Black "Hovik_Hayrapetyan"]
[Result "0-1"]
[WhiteElo "3014"]
[BlackElo "2901"]
[TimeControl "180+1"]
[EndTime "9:19:43 PST"]
[Termination "Hovik_Hayrapetyan won by resignation"]

1. c4 e6 2. Nf3 d5 3. g3 Nf6 4.
Bg2 Be7 5. O-O O-O 6. d4 dxc4 7. Qc2 a6 8. Qxc4 Bd7 9. Rd1 Bc6 10. Nc3 b5 11. Qb3 b4 12. Na4 Qe8 13. Nc5 Bxc5 14. dxc5 Ba4 15. Qd3 Bxd1 16. Qxd1 Nc6 17. Bg5 Rd8 18. Qa4 Nd4 19. Qxa6 h6 20. Nxd4 hxg5 21. Nc6 Rd2 22. Nxb4 Rxb2 23. Qa3 Rxe2 24. Qd3 Re5 25. Qd4 Rf5 26. a4 Nd5 27. a5 Qb5 28. Nxd5 exd5 29. a6 Ra8 30. Bf1 Qc6 31. Bd3 Qf6 32. Qxf6 Rxf6 33.
Rb1 g6 34. Rb7 Rc6 35. a7 Kg7 0-1

[Event "Early-Titled-Tuesday-Blitz-February-20-2024"]
[Site "Chess.com"]
[Date "2024.02.20"]
[Round "7"]
[White "C_K_G"]
[Black "ClaudiaSof"]
[Result "0-1"]
[WhiteElo "2164"]
[BlackElo "2327"]
[TimeControl "180+1"]
[EndTime "9:19:44 PST"]
[Termination "ClaudiaSof won by resignation"]

1. e4 c5 2. Nf3 Nc6 3. d4 cxd4 4.
Nxd4 Nf6 5. Nc3 d6 6. Be2 e5 7. Nb3 Be7 8. Be3 O-O 9. O-O Be6 10. Kh1 a6 11. a4 Rc8 12. f4 exf4 13. Bxf4 Ne5 14.
Qd2 Qc7 15. Rad1 Rfd8 16. h3 Qb6 17. Nd5 Bxd5 18. exd5 Qc7 19. Bxe5 dxe5 20. c4 e4 21. Nd4 Qe5 22. Rf5 Qg3 23. Rdf1 Bd6 24. R5f4 e3 25. Nf5 Qxf4 26. Rxf4 exd2 27. Nxd6 Rxd6 28. Rd4 Rdd8 29.
Rxd2 Ne4 30. Rc2 Ng3+ 31. Kh2 Nxe2 32. Rxe2 Rxc4 33. Re7 Rb4 34. Re2 Kf8 35. Rd2 Rxa4 36. Kg3 Ke7 37. Kf3 Kd6 38. Ke3 Ke5 39. Rf2 f6 40.
Rc2 Kd6 41. b3 Ra5 0-1

[Event "Early-Titled-Tuesday-Blitz-February-20-2024"]
[Site "Chess.com"]
[Date "2024.02.20"]
[Round "7"]
[White "Cuchulin"]
[Black "Alblooshi_Hamad"]
[Result "0-1"]
[WhiteElo "2040"]
[BlackElo "2171"]
[TimeControl "180+1"]
[EndTime "9:19:44 PST"]
[Termination "Alblooshi_Hamad won on time"]

1. d4 Nf6 2. Bf4 d5 3. e3 c5 4.
Nc3 a6 5. dxc5 Nc6 6. Nf3 Bg4 7. Be2 e6 8. Na4 Bxc5 9. Nxc5 Qa5+ 10. c3 Qxc5 11.
O-O O-O 12. h3 Bh5 13. a4 Rfe8 14. Ne5 Bxe2 15. Qxe2 Ne4 16. Nd7 Qe7 17. Nb6 Rad8 18. Rfd1 Na5 19. c4 Qc5 20. b4 Qxb6 21. bxa5 Qxa5 22.
Rdc1 dxc4 23. Qxc4 Qf5 24. Qc7 e5 25. Bg3 Nxg3 26.
fxg3 Rd2 27. Rf1 Qd7 28. Qc4 Rc8 29. Qe4 Qd5 30. Qf5 Rf8 31. Rab1 b5 32. axb5 axb5 33.
Rb4 Qc5 0-1

[Event "Early-Titled-Tuesday-Blitz-February-20-2024"]
[Site "Chess.com"]
[Date "2024.02.20"]
[Round "7"]
[White "snowlord"]
[Black "bazar-wokzal"]
[Result "1-0"]
[WhiteElo "2886"]
[BlackElo "2684"]
[TimeControl "180+1"]
[EndTime "9:19:49 PST"]
[Termination "snowlord won by resignation"]

1. e4 Nc6 2. d4 d5 3. Nc3 Nf6 4. e5 Nd7 5. h4 Nb6 6. h5 h6 7. a4 Bf5 8. Be3 Nb4 9. Rc1 a6 10. b3 e6 11. g4 Bh7 12. Qd2 Rc8 13. a5 Nd7 14. Na4 c5 15. dxc5 Nc6 16. f4 Qxa5 17. Qxa5 Nxa5 18. b4 Nc4 19. Bxc4 dxc4 20. Ne2 a5 21. bxa5 Nxc5 22. Nb6 Rc6 23. Nd4 Rc7 24. Nb5 Rc6 25. Na7 Rc7 26. Na8 Rd7 27. O-O Be7 28. Nb6 Rd8 29. Nxc4 O-O 30. Nb5 Rd7 31. Nbd6 Ne4 32. Rfd1 Nc3 33. Rd2 Ra8 34. Nb6 Rad8 35. Nxd7 Rxd7 36. Kh2 Bd8 37. Ra1 Bc7 38. Nxb7 Rxd2+ 39. Bxd2 Ne4 40. Be3 1-0

[Event "Early-Titled-Tuesday-Blitz-February-20-2024"]
[Site "Chess.com"]
[Date "2024.02.20"]
[Round "7"]
[White "mary-sanna"]
[Black "falzehope0"]
[Result "0-1"]
[WhiteElo "2157"]
[BlackElo "2403"]
[TimeControl "180+1"]
[EndTime "9:19:49 PST"]
[Termination "falzehope0 won on time"]

1. d4 d6 2. e4 Nf6 3. Nc3 Nbd7 4. Nge2 e5 5. g3 Be7 6. Bg2 c6 7. O-O Nf8 8. h3 Ng6 9. Kh2 Qc7 10. f4 exf4 11.
Nxf4 O-O 12. Be3 Qb6 13. Rb1 Re8 14. Qf3 Bd8 15. Nxg6 hxg6 16. e5 d5 17. exf6 Bxf6 18. Ne2 Bf5 19. Rfc1 Qa6 20. Nc3 Re7 21. g4 Be4 22. Nxe4 Rxe4 23. Bf1 Qxa2 24. c3 Rae8 25. Bf2 Bg5 26. Re1 Rxe1 27. Rxe1 Rxe1 28. Bxe1 Qxb2+ 29. Qe2 Bf4+ 30. Kg2 Qb1 31. Kf3 Bd6 32. Bd2 a5 33. h4 a4 34. h5 gxh5 35. gxh5 a3 36.
Qe8+ Bf8 37. Qe1 a2 0-1

[Event "Early-Titled-Tuesday-Blitz-February-20-2024"]
[Site "Chess.com"]
[Date "2024.02.20"]
[Round "7"]
[White "shimastream"]
[Black "VitaliyBernadskiy"]
[Result "1-0"]
[WhiteElo "2984"]
[BlackElo "2872"]
[TimeControl "180+1"]
[EndTime "9:19:50 PST"]
[Termination "shimastream won on time"]

1. e4 c5 2. Nf3 Nc6 3. Nc3 e5 4.
Bc4 Be7 5. d3 Nf6 6. a4 O-O 7.
Bg5 d6 8. Bxf6 Bxf6 9. Nd5 Be6 10. h3 g6 11. h4 h5 12. Ne3 Nd4 13. g3 Nxf3+ 14.
Qxf3 Bg7 15. g4 hxg4 16. Nxg4 Bxc4 17. dxc4 f5 18. Ne3 fxe4 19. Qxe4 Qf6 20. O-O-O Bh6 21. Kb1 Bxe3 22. fxe3 Rf7 23. Rdg1 Rg7 24. Rg5 Rf8 25.
Rhg1 Qf3 26. Qd3 e4 27. Qd5+ Kh8 28. Rxg6 Rxg6 29. Rxg6 Qf5 30. Rxd6 Qxd5 31. Rxd5 Rf3 32. Rxc5 Rxe3 33. Kc1 Rh3 34. Re5 e3 35. Kd1 Rxh4 36. b3 Rh1+ 37. Ke2 Rh2+ 38. Kd3 Rd2+ 39. Kc3 Re2 40.
Re7 b6 41. b4 1-0

[Event "Early-Titled-Tuesday-Blitz-February-20-2024"]
[Site "Chess.com"]
[Date "2024.02.20"]
[Round "7"]
[White "ansko1999"]
[Black "Vaathi_Coming"]
[Result "0-1"]
[WhiteElo "2694"]
[BlackElo "2905"]
[TimeControl "180+1"]
[EndTime "9:19:50 PST"]
[Termination "Vaathi_Coming won on time"]

1. Nf3 Nf6 2. e3 e6 3. b3 b6 4.
Bb2 Bb7 5. Be2 Be7 6. O-O O-O 7. c4 c5 8. d4 d5 9. dxc5 bxc5 10. cxd5 exd5 11.
Nbd2 Nbd7 12. Ne5 Nxe5 13. Bxe5 Qb6 14. Bf3 Rad8 15. Rc1 Rfe8 16. Qc2 Bf8 17. Bb2 Nd7 18. Qf5 g6 19. Qf4 Bd6 20. Qh6 Ne5 21. Be2 Bf8 22. Qf4 Bg7 23. Rc2 d4 24. exd4 cxd4 25. Nf3 d3 26.
Nxe5 Bxe5 27. Bxe5 dxc2 28. Bc4 Rd7 29. Bb2 Qc6 30. f3 Ba6 31. Qh6 Qc5+ 32. Kh1 Re5 33. Bxe5 Qxe5 34. Qc1 Bxc4 35. bxc4 Qe2 0-1

[Event "Early-Titled-Tuesday-Blitz-February-20-2024"]
[Site "Chess.com"]
[Date "2024.02.20"]
[Round "7"]
[White "SaiAgni_98"]
[Black "mbchess97"]
[Result "1/2-1/2"]
[WhiteElo "2570"]
[BlackElo "2466"]
[TimeControl "180+1"]
[EndTime "9:19:50 PST"]
[Termination "Game drawn by repetition"]

1. e4 c5 2. Nf3 d6 3. Bb5+ Bd7 4.
Bxd7+ Nxd7 5. O-O Ngf6 6. Re1 g6 7. c4 Bg7 8. Nc3 O-O 9. h3 Rc8 10. d3 a6 11. Be3 Qa5 12. Qd2 Rfe8 13. a4 Qb4 14. Ra3 Ne5 15. Nxe5 dxe5 16. a5 b5 17. axb6 Qxb6 18. Rea1 Rb8 19. Na4 Qb4 20. Nxc5 Qxd2 21. Bxd2 Rxb2 22. Bc3 Rc2 23. Bxe5 Nxe4 24. Bxg7 Nxc5 25.
Bd4 Ne6 26. Be3 Rd8 27. Rd1 Rd6 28. Rb1 f5 29. g3 Kf7 30. Rb7 Nd4 31. Ra7 Nf3+ 32.
Kf1 Ne5 33. R7xa6 Rxa6 34. Rxa6 Nxd3 35. Ra3 Ne5 36. c5 Nd7 37. Ra5 Ke6 38. Kg2 Kd5 39. Ra7 Nxc5 40. Rxe7 Ne6 41. Rxh7 Ke4 42. Re7 Ke5 43. h4 f4 44. Bxf4+ Kf6 45. Ra7 Nxf4+ 46. gxf4 Rc3 47. f3 Kf5 48. Kg3 Rc1 49. Ra5+ Kf6 50. Ra6+ Kf5 51. Ra5+ Kf6 52. Kf2 Rc2+ 53. Kg3 Rc1 1/2-1/2

[Event "Early-Titled-Tuesday-Blitz-February-20-2024"]
[Site "Chess.com"]
[Date "2024.02.20"]
[Round "7"]
[White "Triumphmate"]
[Black "chess94cu"]
[Result "0-1"]
[WhiteElo "2523"]
[BlackElo "2666"]
[TimeControl "180+1"]
[EndTime "9:19:51 PST"]
[Termination "chess94cu won on time"]

1. e4 c5 2. Nf3 Nc6 3. d4 cxd4 4.
Nxd4 Nf6 5. Nc3 e5 6. Nxc6 bxc6 7. Bd3 Be7 8. O-O O-O 9. f4 d6 10. Kh1 exf4 11. Bxf4 Nd7 12. Qf3 Ne5 13. Qf2 Ng6 14.
Rad1 Qc7 15. Ne2 Bf6 16. b3 Nxf4 17. Nxf4 Be5 18. Bc4 Bg4 19. Be2 Be6 20. Nd3 a5 21.
Nxe5 dxe5 22. Qc5 a4 23. Bc4 Bxc4 24. Qxc4 axb3 25. axb3 Rad8 26. h3 h6 27. Qc5 Rfe8 28.
c4 Re6 29. b4 Rxd1 30. Rxd1 Qb7 31. Rd8+ Kh7 32. Qf2 Rf6 33. Qb2 c5 34. Rd5 cxb4 35. Rxe5 b3 36. Rb5 Qxe4 37. Rxb3 Rf1+ 38. Kh2 Qe1 39. Qc2+ g6 40. g4 Rf2+ 0-1

[Event "Early-Titled-Tuesday-Blitz-February-20-2024"]
[Site "Chess.com"]
[Date "2024.02.20"]
[Round "7"]
[White "fabianvivasz"]
[Black "sewlins"]
[Result "1-0"]
[WhiteElo "2388"]
[BlackElo "2141"]
[TimeControl "180+1"]
[EndTime "9:19:51 PST"]
[Termination "fabianvivasz won by checkmate"]

1. e4 c5 2. Nf3 d6 3. d4 cxd4 4. Nxd4 Nf6 5. Nc3 a6 6. Bg5 e6 7. f4 h6 8. Bh4 Qb6 9. a3 Nbd7 10.
Bc4 Be7 11. Bf2 Qc7 12. Bb3 Nc5 13. Qe2 b5 14. O-O-O Bb7 15. e5 dxe5 16. fxe5 Nfd7 17. Rhe1 Nxb3+ 18. Nxb3 O-O 19. Rd3 Rac8 20. Kb1 b4 21.
axb4 Bxb4 22. Rg3 a5 23. Qg4 g6 24. Qf4 Kg7 25. Rh3 Rh8 26. Bh4 Qc4 27. Bf6+ Nxf6 28. Qxf6+ Kg8 29. Rf1 Qc7 30. Rg3 Bf8 31. Nd4 Bg7 32. Qf4 a4 33. Ne4 Qb6 34. Nf6+ Bxf6 35. Qxf6 a3 36. Rxg6+ fxg6 37. Qf7# 1-0

[Event "Early-Titled-Tuesday-Blitz-February-20-2024"]
[Site "Chess.com"]
[Date "2024.02.20"]
[Round "7"]
[White "Boundless_Strike"]
[Black "Jumbo"]
[Result "0-1"]
[WhiteElo "2634"]
[BlackElo "2826"]
[TimeControl "180+1"]
[EndTime "9:19:53 PST"]
[Termination "Jumbo won on time"]

1. d4 Nf6 2. f3 d5 3. e4 dxe4 4.
Nc3 exf3 5. Nxf3 Bg4 6. h3 Bh5 7. g4 Bg6 8. Ne5 Nbd7 9. Qe2 e6 10. Bg2 Nxe5 11. dxe5 Nd5 12. Qb5+ Qd7 13. Qxb7 Rd8 14.
Bg5 Be7 15. Bxe7 Qxe7 16. Nxd5 exd5 17. Qc6+ Qd7 18. Bxd5 Qxc6 19. Bxc6+ Ke7 20. Rh2 Rd4 21.
c3 Rc4 22. Bd5 Rc5 23. c4 Rb8 24. b3 c6 25. Bf3 Rxe5+ 26. Re2 Rxe2+ 27. Kxe2 c5 28. Rd1 Rd8 29. Rxd8 Kxd8 30. a3 a5 31. Kd2 f5 32.
gxf5 Bxf5 33. h4 Kc7 34. Kc3 g6 35. b4 Kb6 36. Bg2 h6 37. Bf3 Be6 38. Be4 g5 39.
hxg5 hxg5 40. Bf3 Bh3 41. Be4 Bg4 42. Bg2 Be2 43. Bd5 g4 44. Be6 g3 45. Bd5 Bf1 46.
Be4 Bh3 47. Bf3 Bc8 48. Bg2 Bd7 49. Bf3 Bc6 50. bxa5+ Kc7 0-1

[Event "Early-Titled-Tuesday-Blitz-February-20-2024"]
[Site "Chess.com"]
[Date "2024.02.20"]
[Round "7"]
[White "Felix-Rose"]
[Black "TioCridineno"]
[Result "1-0"]
[WhiteElo "2285"]
[BlackElo "2385"]
[TimeControl "180+1"]
[EndTime "9:19:53 PST"]
[Termination "Felix-Rose won by resignation"]

1. e4 c5 2. Nf3 Nc6 3. d4 cxd4 4.
Nxd4 Nf6 5. Nc3 e5 6. Ndb5 d6 7. Bg5 a6 8. Na3 b5 9. Nd5 Be7 10. Bxf6 Bxf6 11. c3 O-O 12. Nc2 Bg5 13. a4 bxa4 14.
Rxa4 a5 15. Bc4 Rb8 16. b3 Kh8 17. Nce3 g6 18. h4 Bxe3 19. Nxe3 Ne7 20. h5 Kg7 21. Qf3 Be6 22. h6+ Kg8 23. Qf6 Nf5 24. Qxd8 Rfxd8 25. exf5 Bxc4 26. Nxc4 Rxb3 27. O-O Rxc3 28. Rd1 gxf5 29. Nxe5 Rc5 30. Nc4 f6 31. Rxd6 Rxd6 32. Nxd6 Rd5 33.
Nb7 Kf7 34. Rxa5 Rd1+ 35. Kh2 Kg6 36. Kg3 Rd3+ 37. f3 Rd2 38. Rb5 f4+ 39. Kh3 Kxh6 40. Rf5 Kg6 41. Rxf4 h5 42. Nc5 f5 43. Ne6 Rd6 44. Nd4 Rd5 45. Rh4 Ra5 46. Ne2 Ra1 47. Nf4+ Kf6 48. Nxh5+ Ke5 49. Kg3 Ra8 50. f4+ Ke4 51.
Nf6+ Ke3 52. Rh5 Ra6 53. Rxf5 Rd6 54. Re5+ Kd4 55. Re4+ Kd3 56. Kf3 Rxf6 57. Re5 Kd4 58. g4 Ra6 59. g5 Ra1 60. Kg4 Rg1+ 61. Kf5 Rf1 62. g6 Rg1 63. Re7 Kd5 64. g7 Kd6 65. Rf7 Rg2 66. Kf6 Rf2 67. f5 Rg2 68. Rf8 Kd7 69.
g8=Q 1-0

[Event "Early-Titled-Tuesday-Blitz-February-20-2024"]
[Site "Chess.com"]
[Date "2024.02.20"]
[Round "7"]
[White "Magic-Nelwyn"]
[Black "regenda"]
[Result "1-0"]
[WhiteElo "2479"]
[BlackElo "2249"]
[TimeControl "180+1"]
[EndTime "9:19:54 PST"]
[Termination "Magic-Nelwyn won on time"]

1. e4 c5 2. c3 Nf6 3. e5 Nd5 4. Bc4 e6 5. Nf3 d6 6. O-O Be7 7. d4 cxd4 8. cxd4 O-O 9. Bd2 b6 10. Nc3 Nxc3 11. Bxc3 Bb7 12. Qe2 Nd7 13. Rad1 Rc8 14.
Bd3 Qc7 15. Bb1 Rfd8 16. Qd3 Nf8 17. Qe3 dxe5 18. Nxe5 Ng6 19. Qh3 Bd6 20. Ng4 Bd5 21. Bd2 Bf4 22. g3 Bxd2 23. Rxd2 Qe7 24. Qh5 Qb4 25. Qg5 Bf3 26. h3 Rxd4 27. Rxd4 Qxd4 28. Nh2 Be4 29. Qg4 f5 30. Qe2 Bxb1 31. Qxe6+ Kf8 32.
Qxc8+ Kf7 33. Rxb1 Ne7 34. Qb7 Kf6 35. Rf1 Nd5 36.
Qc6+ Kf7 37. Nf3 1-0

[Event "Early-Titled-Tuesday-Blitz-February-20-2024"]
[Site "Chess.com"]
[Date "2024.02.20"]
[Round "7"]
[White "Kunalm64"]
[Black "karinachess1"]
[Result "1-0"]
[WhiteElo "2543"]
[BlackElo "2658"]
[TimeControl "180+1"]
[EndTime "9:19:55 PST"]
[Termination "Kunalm64 won on time"]

1. e4 e5 2. Nf3 Nc6 3. Bb5 Nge7 4.
c3 a6 5. Ba4 Ng6 6. d4 b5 7.
Bb3 Be7 8. O-O O-O 9. Bd5 Bb7 10. Nxe5 Ngxe5 11. dxe5 Bc5 12. Nd2 Rb8 13. Nf3 Qe7 14. Bg5 Qe8 15. Bf4 h6 16. h3 Qe7 17. Qd2 Kh7 18. b4 Bb6 19. a4 Nd8 20. axb5 axb5 21. Be3 Bxe3 22. Qxe3 Ne6 23. Ra7 c6 24. Bxe6 dxe6 25.
Rd1 Qc7 26. Qc5 Rfd8 27. Rd6 Ra8 28. Nd4 Rxa7 29. Qxa7 Ra8 30. Qc5 Ra1+ 31. Kh2 Qe7 32. Nf3 Ra2 33. Qd4 Bc8 34. Rxc6 Bb7 35. Rd6 Qe8 36.
Rd7 Bc6 37. Rc7 Re2 38. Qd3 Rxf2 39. Qe3 Rc2 40. Nd4 Rb2 41. Qf4 1-0